 Dungeon Crawl Stone Soup version 0.20-a0-266-gdedccd6 (webtiles) character file.

15143 Ezendos the Arsonist (level 11, -3/74 HPs)
             Began as a Demigod Fire Elementalist on Dec 4, 2016.
             Slain by a white ugly thing (37 damage)
             ... on level 13 of the Dungeon on Dec 5, 2016.
             The game lasted 01:25:17 (18320 turns).

Ezendos the Arsonist (Demigod Fire Elementalist)   Turns: 18320, Time: 01:25:18

Health: -3/74      AC:  6    Str: 11    XL:     11   Next: 66%
Magic:  21/29      EV: 15    Int: 33    God:
Gold:   500        SH:  5    Dex: 16    Spells: 11/29 levels left

rFire  + . .     SeeInvis .     c - staff of conjuration
rCold  x . .     Gourm    +     D - +0 robe
rNeg   . . .     Faith    .     t - +0 buckler
rPois  .         Spirit   .     L - +0 helmet
rElec  .         Reflect  .     Z - +0 cloak
rCorr  .         Harm     .     f - +0 pair of gloves
MR     +....     Clarity  +     Y - +0 pair of boots
Stlth  ++........               N - amulet of the gourmand
                                V - +6 ring of intelligence
                                C - ring of fire

@: no status effects
A: clarity, clever 1, high mp 1
a: no special abilities


You were on level 13 of the Dungeon.
You were full.

You visited 3 branches of the dungeon, and saw 15 of its levels.

You collected 710 gold pieces.
You spent 210 gold pieces at shops.

Inventory:

Hand Weapons
 a - a +2 quarterstaff of protection
 b - the +1 hand axe of Mutilation {chop, rElec Int+4}
   (You found it on level 7 of the Dungeon)

   It inflicts extra damage upon your enemies.
   It affects your intelligence (+4).
   It insulates you from electricity.
 d - the +6 whip of Zin's Esteem {slash, +Rage rPois rC- MP+9}
   (You found it on level 7 of the Dungeon)

   It inflicts extra damage upon your enemies.
   It makes you vulnerable to cold.
   It protects you from poison.
   It affects your magic capacity (+9).
   It lets you go berserk.
Armour
 f - a +0 pair of gloves (worn)
 t - a +0 buckler (worn)
 D - a +0 robe (worn)
 L - a +0 helmet (worn)
 Y - a +0 pair of boots (worn)
 Z - a +0 cloak (worn)
Magical Staves
 c - an uncursed staff of conjuration (weapon)
Jewellery
 C - a ring of fire (left hand)
 N - an amulet of the gourmand (around neck)
 Q - an uncursed ring of poison resistance
 V - a +6 ring of intelligence (right hand)
Wands
 e - a wand of paralysis (6/24)
 g - a wand of disintegration (7/24)
 x - a wand of random effects (14/48)
 E - a wand of digging (21/24)
 R - a wand of iceblast (10/15)
 U - a wand of confusion (24/48)
Scrolls
 o - 2 scrolls of remove curse
 q - 4 scrolls of teleportation
 v - 3 scrolls of blinking
 B - a scroll of identify
 F - a scroll of random uselessness {unknown}
 H - 3 scrolls of fog
 K - a scroll of noise {unknown}
 M - 2 scrolls of recharging {unknown}
 O - 3 scrolls of amnesia
 P - 4 scrolls of immolation
 T - 2 scrolls of magic mapping
 W - a scroll of vulnerability {unknown}
Potions
 h - 4 potions of cure mutation
 m - 6 potions of curing
 n - a potion of invisibility {unknown}
 r - 2 potions of ambrosia
 u - 2 potions of brilliance
 w - a potion of magic
 z - 5 potions of flight
 I - a potion of might {unknown}
 S - a potion of resistance {unknown}
 X - a potion of lignification {unknown}
Comestibles
 i - a royal jelly
 k - 8 meat rations
 l - a beef jerky
 p - 4 fruits
 y - 9 bread rations
 A - 8 slices of pizza


   Skills:
 - Level 4.4 Dodging
 - Level 1.7 Stealth
 - Level 5.2 Shields
 + Level 9.6 Spellcasting
 + Level 9.3 Conjurations
 + Level 9.8 Fire Magic


You had 11 spell levels left.
You knew the following spells:

 Your Spells              Type           Power        Failure   Level  Hunger
a - Flame Tongue          Conj/Fire      #####        1%          1    None
b - Throw Flame           Conj/Fire      ######       1%          2    None
c - Conjure Flame         Conj/Fire      ########     1%          3    None
d - Inner Flame           Hex/Fire       ######..     1%          3    None
e - Sticky Flame          Conj/Fire      ########     1%          4    None
f - Fireball              Conj/Fire      ########..   1%          5    ###....


Dungeon Overview and Level Annotations

Branches:
Dungeon (13/15)            Temple (1/1) D:7            Lair (1/6) D:10
    Orc (0/2) D:11
 Vaults: D:13-14

Shops:
D:6 *   D:7 *   D:8 (   D:10 (*

Annotations:
D:7 1 runed door
D:11 Zaque's ghost, journeyman DsAK


Innate Abilities, Weirdness & Mutations

You have an increased reservoir of magic. (+10% MP)
You possess an exceptional clarity of mind.
Your mind is acute. (Int +2)


Message History

The white ugly thing gurgles horribly!
Casting: Conjure Flame
Confirm with . or Enter, or press ? or * to list all spells.
Aiming: Conjure Flame
Press: ? - help, Dir - move target cursor You feel a strong surge of power!
The fire roars!
The centaur warrior shouts!
You hear a shout!
The centaur warrior shoots an arrow.
The arrow hits you!!
Casting: Conjure Flame
Confirm with . or Enter, or press ? or * to list all spells.
Aiming: Fireball
Press: ? - help, Shift-Dir - straight line You feel a strong surge of power!
The fireball explodes!
The fireball engulfs the centaur warrior.
The centaur warrior is heavily wounded.
The centaur warrior shoots an arrow.
The arrow barely misses you. The white ugly thing tail-slaps you!
The white ugly thing freezes you!!!
You feel a terrible chill!
Ouch! That really hurt!
You die...

#. #..# #
###'###########
#...#.....#...#####
#.###.###.###.##...
##.#.......#.).##...
'c#.#######.#.#....
#ยง..#.....#.#.#....
#u###.###.#.#))....
#.@...#.....#.#####
###############


You could see a white ugly thing and a centaur warrior.

Vanquished Creatures
  A hydra (D:11)
  An unseen horror (D:13)
  A hill giant (D:10)
  Pikel (D:7)
  2 ugly things (D:11)
  A manticore (D:11)
  Maurice (D:9)
  A gargoyle (D:13)
  A spiny frog (Lair:1)
  A komodo dragon (D:10)
  4 trolls
  A hornet (D:8)
  A two-headed ogre (D:12)
  4 hippogriffs
  A wraith (D:9)
  4 yaks (Lair:1)
  2 wyverns
  4 vampire mosquitoes (D:13)
  Menkaure (D:7)
  Edmund (D:6)
  6 ice beasts
  5 sky beasts
  8 orc warriors
  4 necrophages
  An eye of draining (D:6)
  9 ogres
  10 centaurs
  7 bullfrogs
  A wyvern skeleton (D:9)
  4 scorpions
  A killer bee (D:13)
  4 howler monkeys (D:7)
  6 crimson imps
  8 hounds
  A quasit (D:9)
  3 centaur zombies
  7 jellies
  7 orc priests
  9 orc wizards
  2 centaur skeletons
  2 iguanas
  10 worker ants
  A hound zombie (D:8)
  2 hound skeletons
  A howler monkey zombie (D:8)
  A worker ant zombie (D:5)
  12 adders
  3 shadow imps
  An ooze (D:2)
  An adder zombie (D:5)
  2 worms
  A dart slug (D:1)
  A leopard gecko (D:3)
  46 orcs
  11 bats
  6 giant cockroaches
  4 goblins
  6 hobgoblins
  7 jackals
  3 quokkas
  2 ball pythons (D:2)
  5 frilled lizards
  9 kobolds
  A leopard gecko skeleton (D:5)
  A quokka skeleton (D:4)
  6 rats
282 creatures vanquished.

Vanquished Creatures (others)
  An iguana (D:7)
  A plant (D:10)
2 creatures vanquished.

Grand Total: 284 creatures vanquished

Notes
Turn   | Place    | Note
-------+----------+-------------------------------------------
     0 | D:1      | Ezendos the Demigod Fire Elementalist began the quest for the Orb.
     0 | D:1      | Reached XP level 1. HP: 14/14 MP: 5/5
   177 | D:1      | Reached skill level 1 in Conjurations
   267 | D:1      | Reached XP level 2. HP: 18/20 MP: 7/7
   650 | D:2      | Learned a level 2 spell: Throw Flame
   845 | D:2      | Reached XP level 3. HP: 26/26 MP: 6/9
  1677 | D:3      | Reached XP level 4. HP: 19/33 MP: 6/10
  2390 | D:3      | Learned a level 3 spell: Conjure Flame
  2557 | D:3      | Reached XP level 5. HP: 32/38 MP: 0/12
  2661 | D:3      | Learned a level 3 spell: Inner Flame
  3275 | D:4      | Reached XP level 6. HP: 28/45 MP: 14/14
  3645 | D:5      | Entered Level 5 of the Dungeon
  4127 | D:4      | Learned a level 4 spell: Sticky Flame
  4230 | D:4      | Reached XP level 7. HP: 50/50 MP: 9/16
  4368 | D:4      | Reached skill level 5 in Fire Magic
  4571 | D:5      | Found a sparkling altar of Nemelex Xobeh.
  4620 | D:5      | Found a stormy altar of Qazlal.
  5568 | D:6      | Reached skill level 5 in Spellcasting
  5568 | D:6      | Reached skill level 5 in Conjurations
  5849 | D:6      | Reached XP level 8. HP: 24/57 MP: 14/19
  6182 | D:6      | Found Jiskuoc's Assorted Antiques.
  6186 | D:6      | Bought a scroll of identify for 52 gold pieces
  6186 | D:6      | Bought a scroll of identify for 52 gold pieces
  6186 | D:6      | Bought a scroll of identify for 52 gold pieces
  6230 | D:6      | Noticed Edmund
  6237 | D:6      | Killed Edmund
  6882 | D:6      | Learned a level 5 spell: Fireball
  6996 | D:7      | Upgraded the game from 0.20-a0-263-g81abdfb to 0.20-a0-266-gdedccd6
  7007 | D:7      | Found a staircase to the Ecumenical Temple.
  7096 | D:7      | Noticed a hippogriff
  7104 | D:7      | Killed a hippogriff
  7332 | D:7      | Noticed Menkaure
  7348 | Temple   | Entered the Ecumenical Temple
  7455 | D:7      | Killed Menkaure
  7527 | D:7      | Got an iridescent whip
  7528 | D:7      | Identified the +6 whip of Zin's Esteem {slash, +Rage rPois rC- MP+9} (You found it on level 7 of the Dungeon)
  7579 | D:7      | Got a crude hand axe
  7580 | D:7      | Identified the cursed +1 hand axe of Mutilation {chop, rElec Int+4} (You found it on level 7 of the Dungeon)
  7753 | D:7      | Found a runed door.
  7775 | D:7      | Found Ukewaq's Assorted Antiques.
  7775 | D:7      | Noticed Pikel
  7779 | D:7      | Killed Pikel
  7779 | D:7      | Reached XP level 9. HP: 49/62 MP: 5/22
  7847 | D:7      | Bought a scroll of identify for 54 gold pieces
  8540 | D:8      | Found a shattered altar of Ashenzari.
  8555 | D:8      | Got a fine ivory ring
  8594 | D:8      | Paralysed by a hornet for 2 turns
  9036 | D:8      | Found Uquefav's Antique Weapon Shoppe.
  9124 | D:8      | Identified the cursed ring of Bofottiv {*Corrode rPois AC-3 Stlth+} (You found it on level 8 of the Dungeon)
  9597 | D:9      | Noticed Maurice
 10071 | D:9      | Killed Maurice
 10089 | D:9      | Reached XP level 10. HP: 69/69 MP: 16/25
 10519 | D:9      | Reached skill level 1 in Shields
 10705 | D:10     | Entered Level 10 of the Dungeon
 10959 | D:10     | Found Xenkeame's Weapon Shop.
 11070 | D:10     | Reached skill level 5 in Shields
 12203 | D:10     | Found Paivog's Practical Paraphernalia.
 12207 | D:10     | Noticed a hill giant
 12213 | D:10     | Killed a hill giant
 12420 | D:10     | Found a staircase to the Lair.
 12440 | Lair:1   | Entered Level 1 of the Lair of Beasts
 12914 | D:11     | Noticed a brown ugly thing
 12919 | D:11     | Killed a brown ugly thing
 12919 | D:11     | Reached XP level 11. HP: 49/73 MP: 26/28
 13177 | D:11     | Found a staircase to the Orcish Mines.
 13207 | D:11     | Noticed Zaque's ghost (journeyman DsAK)
 13523 | D:11     | Gained mutation: Your mind is acute. (Int +2) [potion of beneficial mutation]
 13524 | D:11     | Gained mutation: You possess an exceptional clarity of mind. [potion of beneficial mutation]
 15157 | D:11     | Noticed a seven-headed hydra
 15163 | D:11     | Killed a seven-headed hydra
 17176 | D:12     | Noticed a hill giant
 17178 | D:12     | Noticed a death knight
 17180 | D:12     | Noticed a hill giant
 17193 | D:13     | Noticed an unseen horror
 17194 | D:13     | Killed an unseen horror
 17538 | D:13     | HP: 1/73 [gargoyle/stone arrow (21)]
 17960 | D:13     | Noticed a centaur warrior
 17968 | D:13     | HP: 3/74 [centaur warrior/arrow (18)]
 18320 | D:13     | Slain by a white ugly thing

Vault maps used:
D:1:      lightli_arrival_farm
D:2:      kennysheep_big_flooded_room
D:3:      first_bread, kennysheep_generic_room_13
D:5:      serial_curves, eino_curves_03, eino_curves_03, eino_curves_04,
          basic_altar, nemelex_spade_bored_becter
D:6:      serial_shops, shop, minivault_4, uniq_edmund
D:7:      serial_shops, nicolae_shop_overgrown_old_shop,
          uniq_crazy_yiuf_cottage, uniq_pikel, uniq_menkaure
D:8:      basic_altar, serial_shops, kennysheep_little_box
D:9:      minmay_misc_feat_doors, uniq_maurice
D:10:     david_lair_shrubbed, serial_shops, shop, grunt_pizzeria,
          nicolae_alphabet_shops
D:11:     orc_0_dummy, grunt_tough_drop
D:12:     kennysheep_ambush_hall, roderic_serpentine_path
D:13:     erik_vaults_2, serial_shops, shop
Temple:   compressed_dpeg_circular_temple

Skill      XL: |  1  2  3  4  5  6  7  8  9 10 11 |
---------------+----------------------------------+-----
Spellcasting   | 2 3 4 5 6 7 8 9 |  9.6
Conjurations   | 1 2 3 4 5 6 8 9 |  9.3
Fire Magic     | 3 4 5 7 8 9 |  9.8
Shields        | 5 |  5.2
Dodging        | 4 |  4.4
Stealth        | |  1.7

Action                   |  1- 3 |  4- 6 |  7- 9 | 10-12 || total
-------------------------+-------+-------+-------+-------++-------
Melee: Whip              |    65 |    38 |    19 |    49 ||   171
       Dagger            |     6 |    29 |    12 |       ||    47
       Quarterstaff      |       |       |    16 |       ||    16
       Hand axe          |       |       |     1 |       ||     1
       Staff             |       |       |       |     6 ||     6
 Cast: Flame Tongue      |    23 |    60 |    84 |   198 ||   365
       Throw Flame       |    23 |    37 |   101 |    93 ||   254
       Conjure Flame     |       |     4 |     8 |    27 ||    39
       Inner Flame       |       |     2 |     2 |     8 ||    12
       Sticky Flame      |       |       |    22 |    52 ||    74
       Fireball          |       |       |     5 |    62 ||    67
Evoke: Wand              |       |       |       |     4 ||     4
  Use: Scroll            |       |     8 |    10 |    11 ||    29
       Potion            |       |       |     1 |     5 ||     6
 Stab: Distracted        |     1 |       |       |     1 ||     2
       Sleeping          |       |     1 |     1 |       ||     2
  Eat: Chunk             |     4 |     8 |    17 |    29 ||    58
       Meat ration       |       |       |     2 |       ||     2
       Fruit             |       |       |     2 |       ||     2
       Beef jerky        |       |       |     1 |       ||     1
Armor: Robe              |    15 |    11 |    17 |    35 ||    78
Dodge: Dodged            |    54 |    29 |    68 |   117 ||   268
Block: Buckler           |       |       |       |    54 ||    54
